 Dungeon Crawl Stone Soup version 0.29.1-4-g47bece8355 (webtiles) character file.

Game seed: 10109776435457278428

156 GorkyZ the Covered (level 5, 0/33 HPs)
             Began as a Gargoyle Fighter on Dec 3, 2022.
             Slain by a gnoll
             ... wielding a +0 flail
             ... led by a gnoll bouda
              (9 damage)
             ... on level 4 of the Dungeon.
             The game lasted 00:07:54 (3313 turns).

GorkyZ the Covered (Gargoyle Fighter)               Turns: 3313, Time: 00:07:55

Health: 0/33       AC: 12    Str: 21    XL:     5   Next: 37%
Magic:  5/5        EV:  9    Int:  9    God:
Gold:   139        SH:  4    Dex:  9    Spells: 4/4 levels left

rFire   . . .      SeeInvis .   a - +0 war axe
rCold   . . .      Faith    .   c - +0 buckler
rNeg    + + .      Spirit   .   b - +0 scale mail
rPois   ∞          Reflect  .   (no helmet)
rElec   +          Harm     .   (no cloak)
rCorr   .          Rampage  .   s - +0 pair of gloves
Will    .....                   (no boots)
Stlth   ..........              (no amulet)
HPRegen 0.11/turn               o - ring of positive energy
MPRegen 0.09/turn               (no ring)

@: mighty
A: sickness immunity, AC +4, negative energy resistance 1, electricity
resistance, torment resistance 1, petrification resistance
a: no special abilities


You were on level 4 of the Dungeon.
You visited 1 branch of the dungeon, and saw 4 of its levels.

You collected 139 gold pieces.

Inventory:

Hand Weapons
 a - a +0 war axe (weapon)
 j - a +1 dagger of draining
 r - a +3 whip
Missiles
 m - 4 poisoned darts (quivered)
Armour
 b - a +0 scale mail (worn)
 c - a +0 buckler (worn)
 s - a +0 pair of gloves (worn)
Jewellery
 l - a +6 ring of intelligence
 o - a ring of positive energy (left hand)
Scrolls
 g - a scroll of fear
 n - 2 scrolls of amnesia
 p - a scroll of identify
 q - a scroll of teleportation {unknown}
Potions
 e - a potion of berserk rage
 f - a potion of mutation {unknown}
 h - a potion of cancellation {unknown}
 i - 2 potions of flight {unknown}
 k - a potion of curing {unknown}


   Skills:
 + Level 3.9 Fighting
 + Level 2.4 Axes
 + Level 1.4 Throwing
 + Level 3.9 Armour
 + Level 1.2 Dodging
 + Level 3.8 Shields
 + Level 1.3 Evocations


You had 4 spell levels left.
You didn't know any spells.
Your spell library contained the following spells:

 Spells                   Type           Power      Damage    Failure   Level
 Gell's Gravitas          Tloc           0%         N/A       99%         3
 Teleport Other           Tloc           0%         N/A       99%         3
 Dispersal                Tloc           0%         N/A       100%        6


Dungeon Overview and Level Annotations

Branches:
Dungeon (4/15)
 Temple: D:4-7

Altars:
Cheibriados

Shops:
D:2 [


Innate Abilities, Weirdness & Mutations

You are immune to sickness and miasma.
Your stone body is resilient. (AC +4)
You are immune to poison.
You resist negative energy. (rN+)
You are resistant to electric shocks. (rElec)
You are resistant to unholy torment.
You are immune to petrification.


Message History

The gnoll bouda barks out a call to the hunt!
The gnoll picks up the pace!
The gnoll bouda barely misses you.
You closely miss the gnoll bouda.
The gnoll bouda is severely wounded.
The gnoll bouda closely misses you.
You closely miss the gnoll bouda.
The gnoll bouda is severely wounded.
The gnoll bouda hits you with a +0 club.
You hit the gnoll bouda.
The gnoll bouda is almost dead.
The gnoll bouda hits you with a +0 club.
* * * LOW HITPOINT WARNING * * *
The gnoll bouda closely misses you.
You hit the gnoll bouda.
You kill the gnoll bouda!
Your attacks no longer feel as feeble.
The gnoll misses you.
You hit the gnoll but do no damage.
The gnoll is lightly wounded.
The gnoll is no longer moving quickly. x2; You block the gnoll's attack.
You barely miss the gnoll.
The gnoll is lightly wounded.
The gnoll is no longer moving quickly.
The gnoll hits you but does no damage.
You barely miss the gnoll.
The gnoll is lightly wounded.
The gnoll closely misses you. The gnoll misses you.
You barely miss the gnoll.
The gnoll is lightly wounded.
The gnoll hits you but does no damage.
You barely miss the gnoll.
The gnoll is lightly wounded.
The gnoll hits you but does no damage. The gnoll barely misses you.
You feel very mighty all of a sudden. The gnoll hits you with a +0 flail.
* * * LOW HITPOINT WARNING * * *
You barely miss the gnoll.
The gnoll is lightly wounded.
The gnoll hits you with a +0 flail!
You die...

## .# # # g..##..
###### .#....# #....#
.......
#....#####g...#
#......@ggg#
#....#####...# #....#
....# ###.## .......
#..# .......
########.###.........
#........<...........
#.######.###........#
###.# #.# ..


You could see 4 gnolls.

Vanquished Creatures
  A gnoll bouda (D:4)
  A gnoll (D:4)
  3 adders (D:2)
  A worm (D:2)
  2 dart slugs
  6 ball pythons
  3 bats
  11 endoplasms
  2 giant cockroaches (D:2)
  9 goblins
  8 hobgoblins
  10 jackals
  2 quokkas
  A frilled lizard (D:2)
  7 kobolds
  5 rats
72 creatures vanquished.

Notes
Turn   | Place    | Note
-------+----------+-------------------------------------------
     0 | D:1      | GorkyZ the Gargoyle Fighter began the quest for the Orb.
     0 | D:1      | Reached XP level 1. HP: 14/14 MP: 1/1
   407 | D:1      | Reached XP level 2. HP: 15/19 MP: 2/2
  1009 | D:1      | Reached XP level 3. HP: 21/23 MP: 3/3
  1954 | D:2      | Reached skill level 1 in Throwing
  1954 | D:2      | Reached skill level 1 in Evocations
  1965 | D:2      | Reached XP level 4. HP: 22/28 MP: 4/4
  2261 | D:2      | Reached skill level 1 in Dodging
  2339 | D:2      | Found a faded altar of an unknown god.
  2555 | D:2      | Found Othrats's Armour Boutique.
  2657 | D:3      | Found a snail-covered altar of Cheibriados.
  3232 | D:4      | Reached XP level 5. HP: 31/33 MP: 5/5
  3313 | D:4      | Slain by a gnoll

Illustrated notes

Levels and vault maps discovered:
D:1:      sevenhm_arrival_forest_fort_small_6, layout_basic
D:2:      layout_rooms, ebering_ecumenical_altar_rust, serial_shops,
          nicolae_shop_crystal, minmay_octomino_c4
D:3:      layout_basic, nicolae_overflow_crystal_walls
D:4:      layout_rooms, serial_undead, serial_undead_d, serial_undead_e,
          serial_undead_c, serial_undead_c, serial_undead_e, serial_undead_d,
          serial_undead_d

Skill      XL: |  1  2  3  4 |
---------------+-------------+-----
Axes           | 2 |  2.4
Throwing       | 1 |  1.4
Evocations     | 1 |  1.3
Dodging        | 1 |  1.2
Fighting       | |  3.9
Armour         | |  3.9
Shields        | |  3.8

Action                   |  1- 3 |  4- 6 || total
-------------------------+-------+-------++-------
Melee: War axe           |    90 |   111 ||   201
  Use: Scroll            |     3 |     3 ||     6
       Potion            |       |     1 ||     1
Armor: Scale mail        |    55 |    51 ||   106
Dodge: Dodged            |    52 |    55 ||   107
Block: Buckler           |    19 |    24 ||    43
